 Dungeon Crawl Stone Soup version 0.22.1-2-g9c5b331383 (webtiles) character file.

1650 Marnok the Cleaver (level 8, -3/70 HPs)
             Began as a Minotaur Fighter on Dec 3, 2018.
             Killed from afar by an electric eel (10 damage)
             ... with a bolt of electricity
             ... on level 6 of the Dungeon.
             The game lasted 00:27:35 (4881 turns).

Marnok the Cleaver (Minotaur Fighter)               Turns: 4881, Time: 00:27:36

Health: -3/70      AC: 13    Str: 22    XL:     8   Next: 67%
Magic:  8/8        EV:  4    Int:  5    God:
Gold:   246        SH: 16    Dex: 11    Spells: 9/9 levels left

rFire    . . .     SeeInvis .   a - +2 war axe
rCold    . . .     Gourm    .   s - +0 large shield
rNeg     . . .     Faith    .   d - +0 plate armour
rPois    .         Spirit   .   (helmet restricted)
rElec    .         Reflect  .   (no cloak)
rCorr    .         Harm     .   (no gloves)
MR       +....                  (no boots)
Stlth    ..........             (no amulet)
HPRegen  0.21/turn              p - ring of protection from magic
MPRegen  0.11/turn              (no ring)

@: no status effects
A: retaliatory headbutt, horns 2
a: no special abilities


You were on level 6 of the Dungeon.
You were hungry.

You visited 1 branch of the dungeon, and saw 7 of its levels.
You also visited: Ossuary.

You collected 477 gold pieces.
You spent 231 gold pieces at shops.

Inventory:

Hand Weapons
 a - a +2 war axe (weapon)
 r - a +1 morningstar of protection
 t - a +3 flail
 u - a cursed -1 hand axe
 x - a +0 morningstar of crushing
 y - a +0 mace
 z - a +2 hand axe of electrocution
 A - a +0 shortbow of velocity
 C - a cursed +3 long sword of freezing
 D - a cursed +1 scimitar of freezing
Missiles
 o - 6 curare-tipped needles
 v - a tomahawk (quivered)
 B - 30 arrows
Armour
 c - a +0 shield
 d - a +0 plate armour (worn)
 s - a +0 large shield (worn)
Jewellery
 j - an uncursed amulet of faith
 p - a ring of protection from magic (left hand)
Wands
 m - a wand of flame (61)
Scrolls
 b - 8 scrolls of identify
 e - 2 scrolls of fear
 g - a scroll of teleportation
 n - 3 scrolls of remove curse
 w - a scroll of fog {unknown}
Potions
 h - 2 potions of might
 i - a potion of haste
 k - 4 potions of agility
 l - a potion of brilliance
 q - a potion of flight
Comestibles
 f - 10 rations


   Skills:
 + Level 5.8 Fighting
 + Level 8.8 Axes
 + Level 2.0 Throwing
 + Level 7.0 Armour
 + Level 2.6 Dodging
 + Level 1.8 Stealth
 + Level 6.8 Shields
 + Level 2.3 Unarmed Combat
 + Level 1.3 Spellcasting


You had 9 spell levels left.
You didn't know any spells.
Your spell library was empty.

Dungeon Overview and Level Annotations

Branches:
Dungeon (7/15)
 Temple: D:4-7

Altars:
Ru

Shops:
D:5 ?


Innate Abilities, Weirdness & Mutations

You reflexively headbutt those who attack you in melee.
You have a pair of horns on your head.


Message History

The bolt of electricity hits you!
The electric eel shoots out a bolt of lightning at you!
The bolt of electricity hits you!
The electric eel shoots out a bolt of lightning at you!
The bolt of electricity hits you!
Your shield and plate armour prevent you from hitting the electric eel.
The electric eel shoots out a bolt of lightning at you!
The bolt of electricity hits the electric eel.
The electric eel completely resists.
The bolt of electricity hits you!
* * * LOW HITPOINT WARNING * * *
The electric eel shoots out a bolt of lightning at you!
The bolt of electricity hits you!
* * * LOW HITPOINT WARNING * * *
The electric eel shoots out a bolt of lightning at you!
The bolt of electricity hits you!
* * * LOW HITPOINT WARNING * * *
The electric eel shoots out a bolt of lightning at you!
The bolt of electricity hits the electric eel.
The electric eel completely resists.
The bolt of electricity hits you!
You die...

..[......# ##≈≈≈≈..≈≈≈≈ #........
#######..###≈≈≈≈≈..≈≈≈≈ ####>...#
#..##≈≈≈≈≈≈..≈≈≈≈ #.#.#.#
#.##≈≈≈≈≈≈≈..≈≈≈≈≈≈≈###.#.#
#.#≈≈≈≈((≈≈..≈≈≈≈≈≈≈≈#....#
#######.#≈≈≈≈≈≈≈≈..≈≈≈≈≈≈≈≈#....#
.....##)#)†≈≈≈≈≈⌠..⌠≈≈≈≈≈≈≈#....#
####....')†....%.# ........'.....
###..'.......@##........'....#
#.##≈≈≈≈≈≈≈⌠..;≈;≈≈≈≈≈#....#
######.##≈≈≈≈≈≈≈≈..≈≈≈≈≈≈≈ #....#
....##.##≈≈≈≈≈≈≈≈..≈≈≈≈≈≈≈ #..>.#
###.##.###≈≈≈≈≈≈≈..≈≈≈≈≈≈≈##.##.#
###.##.# ##≈≈≈≈≈≈..≈≈≈≈≈≈##.....#
....##.## ##≈≈≈≈≈..≈≈≈≈≈###.#####
........#..##≈≈≈≈..≈≈≈≈## #.#
........#..###≈≈≈..≈≈≈## #.#


You could see 2 electric eels.

Vanquished Creatures
  An orc warrior (D:6)
  An ice beast (D:5)
  2 ogres
  2 centaurs (D:6)
  A bullfrog (D:6)
  4 wights (D:6)
  A howler monkey (D:4)
  An electric eel (D:6)
  2 crimson imps (D:5)
  2 jellies (D:5)
  2 orc priests
  A centaur skeleton (D:5)
  2 hounds (D:5)
  2 orc wizards
  An iguana (D:6)
  3 worker ants
  A hound zombie (D:6)
  9 mummies
  Robin (D:3)
  A howler monkey skeleton (D:4)
  2 gnolls (D:6)
  10 adders
  4 worms
  5 leopard geckos
  16 orcs
  10 bats
  2 giant cockroaches
  A gnoll zombie (Ossuary)
  16 goblins
  7 hobgoblins
  12 jackals
  3 quokkas
  2 ball pythons
  5 frilled lizards
  A goblin zombie (D:4)
  3 hobgoblin zombies
  8 kobolds
  3 kobold zombies (Ossuary)
  2 orc zombies (Ossuary)
  A quokka skeleton (D:4)
  5 rats
158 creatures vanquished.

Vanquished Creatures (others)
  A gnoll (D:6)
  A plant (D:3)
2 creatures vanquished.

Grand Total: 160 creatures vanquished

Notes
Turn   | Place    | Note
-------+----------+-------------------------------------------
     0 | D:1      | Marnok the Minotaur Fighter began the quest for the Orb.
     0 | D:1      | Reached XP level 1. HP: 19/19 MP: 0/0
   119 | D:1      | HP: 1/20 [adder (1)]
   120 | D:1      | Reached skill level 3 in Axes
   120 | D:1      | Reached skill level 1 in Stealth
   120 | D:1      | Reached skill level 1 in Spellcasting
   120 | D:1      | Reached XP level 2. HP: 2/28 MP: 0/2
   122 | D:1      | Reached XP level 3. HP: 2/35 MP: 0/3
   635 | D:1      | Reached skill level 4 in Axes
  1148 | D:2      | Reached XP level 4. HP: 41/41 MP: 4/4
  1237 | D:3      | Noticed Robin
  1240 | D:3      | Reached skill level 5 in Fighting
  1251 | D:3      | Killed Robin
  1251 | D:3      | Reached skill level 5 in Shields
  1251 | D:3      | Reached XP level 5. HP: 35/48 MP: 5/5
  1417 | D:4      | Noticed a centaur
  1476 | D:3      | Noticed a sky beast
  1857 | D:4      | Found a sand-covered staircase.
  1860 | D:4      | Reached skill level 5 in Armour
  1864 | Ossuary  | Entered an ossuary
  1885 | Ossuary  | Reached XP level 6. HP: 40/56 MP: 6/6
  1999 | Ossuary  | Reached skill level 5 in Axes
  2317 | D:5      | Entered Level 5 of the Dungeon
  2562 | D:5      | Reached skill level 6 in Axes
  2562 | D:5      | Reached XP level 7. HP: 54/61 MP: 7/7
  3643 | D:4      | HP: 3/61 [ogre/giant club (23)]
  3970 | D:5      | Found Timpaluro's Magic Scroll Emporium.
  3973 | D:5      | Bought a scroll of identify for 28 gold pieces
  3973 | D:5      | Bought a scroll of identify for 28 gold pieces
  3973 | D:5      | Bought 3 scrolls of identify for 84 gold pieces
  3973 | D:5      | Bought a scroll of teleportation for 42 gold pieces
  3973 | D:5      | Bought a scroll of fear for 49 gold pieces
  4024 | D:5      | Reached skill level 7 in Axes
  4106 | D:6      | Reached XP level 8. HP: 63/69 MP: 8/8
  4289 | D:6      | Reached skill level 8 in Axes
  4423 | D:6      | Found a sacrificial altar of Ru.
  4881 | D:6      | Killed from afar by an electric eel

Skill      XL: |  1  2  3  4  5  6  7  8 |
---------------+-------------------------+-----
Fighting       | 4 5 |  5.8
Axes           | 3 4 6 7 8 |  8.8
Throwing       | 2 |  2.0
Armour         | 4 5 6 7 |  7.0
Dodging        | 2 |  2.6
Stealth        | 1 |  1.8
Shields        | 4 5 6 |  6.8
Unarmed Combat | 2 |  2.3
Spellcasting   | 1 |  1.3

Action                   |  1- 3 |  4- 6 |  7- 9 || total
-------------------------+-------+-------+-------++-------
Melee: War axe           |    78 |   186 |   164 ||   428
       Headbutt          |     8 |    34 |    27 ||    69
Throw: Tomahawk          |       |       |     6 ||     6
  Use: Potion            |     7 |     6 |     3 ||    16
       Scroll            |     5 |     5 |     6 ||    16
  Eat: Chunk             |     1 |     3 |     2 ||     6
       Ration            |       |     1 |     1 ||     2
Armor: Scale mail        |    52 |       |       ||    52
       Plate armour      |     8 |   129 |    62 ||   199
Dodge: Dodged            |    34 |    47 |    14 ||    95
Block: Shield            |    61 |   119 |    54 ||   234
       Large shield      |       |       |    50 ||    50
